 Dungeon Crawl Stone Soup version 0.23.0 (webtiles) character file.

Game seed: 10780340705225801459

61125 Morrissey the Severer (level 14, -5/122 HPs)
             Began as a Minotaur Fighter on Feb 9, 2019.
             Was the Champion of Okawaru.
             Drowned by a drowned soul (9 damage)
             ... summoned by a merfolk avatar
             ... on level 6 of the Lair of Beasts.
             The game lasted 00:42:18 (15811 turns).

Morrissey the Severer (Minotaur Fighter)           Turns: 15811, Time: 00:42:20

Health: -5/122     AC: 30    Str: 25    XL:     14   Next: 59%
Magic:  28/28      EV:  6    Int:  5    God:    Okawaru [******]
Gold:   1237       SH:  0    Dex: 14    Spells: 13/13 levels left

rFire    + . .     SeeInvis +   a - +5 broad axe (freeze)
rCold    + . .     Gourm    .   T - +0 shield {rF+}
rNeg     + + .     Faith    .   Q - +0 crystal plate armour
rPois    +         Spirit   .   I - +1 hat
rElec    .         Reflect  .   O - +0 cloak {MR+}
rCorr    .         Harm     .   i - +0 pair of gloves
MR       ++...     NoTele   +   p - +1 pair of boots {run}
Stlth    ..........             u - amulet of rage
HPRegen  0.30/turn              L - ring "Udobatir" {+Fly rN+ MP+9 SInv}
MPRegen  0.21/turn              z - ring "Efinn" {-Tele rPois rC+ rN+ Str+3}

@: confused, mesmerised, very slow
A: retaliatory headbutt, horns 2
a: Heroism, Finesse, Renounce Religion, Evoke Berserk Rage, Evoke Flight


You were on level 6 of the Lair of Beasts.
You worshipped Okawaru.
Okawaru was exalted by your worship.
You were not hungry.

You visited 4 branches of the dungeon, and saw 20 of its levels.
You also visited: Gauntlet and Volcano.

You collected 1237 gold pieces.

Inventory:

Hand Weapons
 a - a +5 broad axe of freezing (weapon)
 b - a +3 scimitar of flaming
 e - a +0 antimagic executioner's axe
Armour
 i - a +0 pair of gloves (worn)
 p - a +1 pair of boots of running (worn)
 v - a scarf of cloud immunity
 I - a +1 hat (worn)
 O - a +0 cloak of magic resistance (worn)
 Q - a +0 crystal plate armour (worn)
 T - a +0 shield of fire resistance (worn)
 Y - +0 storm dragon scales
 Z - +0 fire dragon scales
Jewellery
 c - the ring "Zoxt" {Wiz Stlth+}
   (You took it off a minotaur in a Gauntlet)

   [ring of wizardry]

   It improves your spell success rate.
   It makes you more stealthy.
 r - a +5 ring of protection
 u - an amulet of rage (around neck)
 y - an uncursed ring of poison resistance
 z - the ring "Efinn" (right hand) {-Tele rPois rC+ rN+ Str+3}
   (You found it in a Gauntlet)

   [ring of strength]

   It affects your strength (+3).
   It protects you from cold.
   It protects you from poison.
   It protects you from negative energy.
   It prevents most forms of teleportation.
 J - the ring "Derucwa" {Fire +Blink Str+2}
   (You found it in a Gauntlet)

   [ring of fire]

   It enhances your fire magic.
   It affects your strength (+2).
   It protects you from fire.
   It makes you vulnerable to cold.
   It lets you blink.
 L - the ring "Udobatir" (left hand) {+Fly rN+ MP+9 SInv}
   (You found it in a Gauntlet)

   [ring of magical power]

   It protects you from negative energy.
   It affects your magic capacity (+9).
   It lets you see invisible.
   It lets you fly.
 R - a +3 ring of strength
Wands
 g - a wand of flame (44)
 x - a wand of paralysis (20)
 D - a wand of random effects (16)
 H - a wand of digging (4)
 K - a wand of iceblast (36)
 N - a wand of enslavement (7)
Scrolls
 d - 2 scrolls of magic mapping
 h - 5 scrolls of fear
 j - 3 scrolls of blinking {unknown}
 k - 3 scrolls of enchant armour {unknown}
 n - 10 scrolls of remove curse
 q - 3 scrolls of teleportation
 B - a scroll of amnesia
 C - 3 scrolls of random uselessness {unknown}
 M - 2 scrolls of fog {unknown}
 X - a scroll of summoning
Potions
 l - 2 potions of haste
 o - 4 potions of resistance
 s - 8 potions of brilliance
 t - 8 potions of curing
 w - 2 potions of berserk rage
 A - 2 potions of might
 E - 3 potions of flight
 F - a potion of magic
 G - a potion of mutation
 P - a potion of ambrosia
 V - 7 potions of agility
 W - a potion of cancellation {unknown}
Comestibles
 f - 24 rations
 m - 40 chunks of flesh


   Skills:
 - Level 10.3 Fighting
 - Level 4.6 Long Blades
 * Level 17.1 Axes
 - Level 15.0 Armour
 + Level 14.1 Shields
 + Level 8.7 Invocations


You had 13 spell levels left.
You didn't know any spells.
Your spell library contained the following spells:

 Spells                   Type           Power        Failure   Level  Hunger
 Apportation              Tloc           #.....       100%        1    ##.....
 Beastly Appendage        Tmut           #.....       100%        1    ##.....
 Flame Tongue             Conj/Fire      #....        100%        1    ##.....
 Sandblast                Erth           #.....       100%        1    ##.....
 Summon Butterflies       Summ           #.......     100%        1    ##.....
 Passwall                 Tmut/Erth      #.......     100%        2    ###....
 Sticks to Snakes         Tmut           #.......     100%        2    ###....
 Throw Flame              Conj/Fire      #.....       100%        2    ###....
 Conjure Flame            Conj/Fire      #.......     100%        3    ####...
 Inner Flame              Hex/Fire       #.......     100%        3    ####...
 Lesser Beckoning         Tloc           #.........   100%        3    ####...
 Spider Form              Tmut/Pois      #.........   100%        3    ####...
 Stone Arrow              Conj/Erth      #.....       100%        3    ####...
 Tukima's Dance           Hex            #.......     100%        3    ####...
 Cause Fear               Hex            #.........   100%        4    #####..
 Ice Form                 Ice/Tmut       #.......     100%        4    #####..
 Petrify                  Tmut/Erth      #.......     100%        4    #####..
 Sticky Flame             Conj/Fire      #.......     100%        4    #####..
 Alistair's Intoxication  Tmut/Pois      #.......     100%        5    ######.
 Blade Hands              Tmut           #.........   100%        5    ######.
 Fireball                 Conj/Fire      #.........   100%        5    ######.
 Lee's Rapid Deconstruct  Erth           #.........   100%        5    ######.
 Silence                  Hex/Air        #.........   100%        5    ######.
 Yara's Violent Unravell  Hex/Tmut       #.........   100%        5    ######.
 Deflect Missiles         Chrm/Air       #.........   100%        6    #######
 Invisibility             Hex            #.......     100%        6    #######
 Discord                  Hex            #.........   100%        8    #######


Dungeon Overview and Level Annotations

Branches:
Dungeon (11/15)            Temple (1/1) D:6            Lair (6/6) D:11
 Shoals (0/4) Lair:3        Snake (0/4) Lair:3        Slime (0/5) Lair:6
    Orc (2/2) D:9
    Elf: Orc:2

Altars:
Ashenzari
Cheibriados
Dithmenos
Elyvilon
Fedhas
Gozag
Hepliaklqana
Kikubaaqudgha
Makhleb
Nemelex Xobeh
Okawaru
Qazlal
Ru
Sif Muna
Uskayaw
Vehumet
Wu Jian
Xom
Yredelemnul
Zin
The Shining One

Shops:
D:4 [   D:9 [

Annotations:
Lair:3 2 transporters
Lair:6 exclusion: 2 oklob plants
Orc:2 exclusion: upstairs


Innate Abilities, Weirdness & Mutations

You reflexively headbutt those who attack you in melee.
You have a pair of horns on your head.


Message History

The merfolk avatar chants its luring song.
You barely miss the merfolk avatar.
Your headbutt misses the merfolk avatar.
You slash the drowned soul! You slice the drowned soul!!
You destroy the drowned soul!
The drowned soul touches you. The drowned soul drowns you!
* * * LOW HITPOINT WARNING * * *
Unknown command.
Your unstable footing causes you to fumble your attack.
The merfolk avatar chants its luring song.
It was a potion of magic.
Magic courses through your body.
The merfolk avatar chants its luring song.
It was a potion of ambrosia.
You are confused.
You feel invigorated.
The merfolk avatar chants its luring song.
The drowned soul touches you. The drowned soul drowns you!
* * * LOW HITPOINT WARNING * * *
The drowned soul touches you. The drowned soul drowns you!
You die...

...≈#*≈,***####,,,,*###****≈*#≈..
....##≈#≈≈8#.≈≈≈≈≈≈≈≈.#,≈≈*≈##≈..
...≈≈≈P≈≈≈≈#≈≈≈≈≈##≈≈≈#≈≈≈≈≈≈≈...
...≈≈≈≈≈≈≈≈#≈≈≈##≈≈≈≈≈#≈≈≈*≈≈≈≈..
...≈#.≈≈≈≈≈#≈≈≈≈≈≈≈P≈≈#P≈≈*≈.#≈..
...≈##≈.P≈≈#≈P≈)$([≈≈≈≈≈≈≈,≈#....
....≈≈≈≈≈≈≈#≈≈≈?≈≈%≈≈≈≈≈≈≈≈≈P≈≈..
...P≈≈≈≈P≈≈#≈≈≈:≈m)≈≈≈≈≈8≈≈≈≈≈≈..
...≈##≈#≈#≈.≈≈≈}@%)≈≈≈≈≈≈≈*≈##≈..
....#.≈≈≈≈≈#≈≈≈≈≈≈≈≈≈≈#≈≈≈*≈*#...
....≈≈≈≈≈≈≈#≈≈≈≈≈≈≈≈≈≈#≈≈≈,≈≈≈≈..
...≈≈≈≈≈≈P≈#≈≈≈≈≈≈≈P≈≈#≈≈≈≈≈≈≈...
....#.≈#≈≈8#8≈≈≈≈≈≈≈≈8#,≈≈*≈##...
...÷.#≈################****≈*#...
...≈≈≈≈≈≈≈≈≈≈≈≈≈≈≈≈≈≈≈≈≈≈≈P≈≈≈≈..
...÷≈≈≈≈≈≈≈≈≈≈≈≈≈≈≈≈≈≈≈≈≈≈≈≈≈≈≈≈.
....##≈≈##≈≈#,≈≈,*≈≈#.≈≈*#≈≈#.≈PP


You could see a merfolk avatar.

Vanquished Creatures
  Rupert (Lair:3)
  Gastronok (D:11)
  A red draconian (Volcano)
  A minotaur (Gauntlet)
  A death ooze (Gauntlet)
  Josephine (D:10)
  9 hydras
  Harold (D:9)
  Erica (Lair:1)
  A centaur warrior (Volcano)
  A queen ant (Gauntlet)
  2 two-headed ogres
  3 death yaks (Lair:5)
  Urug (D:10)
  Nergalle (Lair:1)
  A sea snake (Lair:6)
  An oklob plant (Lair:5)
  A wolf spider (Lair:6)
  2 manticores (Lair:6)
  3 elephants (Lair:6)
  3 black mambas
  A torpor snail (Lair:6)
  2 large abominations (Gauntlet)
  4 rime drakes
  10 spiny frogs
  A yaktaur (Volcano)
  11 komodo dragons
  A troll (D:9)
  4 polar bears (Lair:6)
  4 hornets
  A slime creature (Gauntlet)
  14 dream sheep
  8 hippogriffs
  15 blink frogs
  3 wraiths
  4 wyverns
  Grum (D:10)
  56 yaks
  2 hungry ghosts
  3 nagas (Lair:3)
  An acid dragon (D:11)
  4 soldier ants
  4 porcupines
  16 water moccasins
  2 black bears
  3 phantoms
  A sky beast (D:11)
  2 ogres
  5 orc warriors
  4 ice beasts
  7 wolves
  5 centaurs
  12 crocodiles
  12 bullfrogs
  A gnoll sergeant (D:8)
  5 killer bees (D:8)
  6 scorpions
  13 wights
  2 howler monkeys
  An electric eel (Lair:1)
  3 crimson imps
  A bullfrog zombie (D:5)
  A quasit (D:5)
  3 centaur zombies
  6 jellies
  8 orc priests
  4 centaur skeletons
  8 hounds
  2 bullfrog skeletons
  11 orc wizards
  3 small abominations (Gauntlet)
  13 worker ants
  A hound zombie (D:9)
  2 hound skeletons
  A worker ant zombie (D:5)
  A howler monkey skeleton (D:11)
  4 gnolls
  15 adders
  An ooze (D:1)
  3 adder zombies
  An adder skeleton (D:4)
  3 dart slugs (D:1)
  8 leopard geckos
  36 orcs
  3 bats
  8 giant cockroaches
  7 goblins
  8 hobgoblins
  9 jackals
  11 kobolds
  6 quokkas
  3 frilled lizards
  2 jackal zombies
  7 rats
  5 fungi
  2 plants
498 creatures vanquished.

Vanquished Creatures (others)
  9 fungi
  17 plants
26 creatures vanquished.

Grand Total: 524 creatures vanquished

Notes
Turn   | Place    | Note
-------+----------+-------------------------------------------
     0 | D:1      | Morrissey the Minotaur Fighter began the quest for the Orb.
     0 | D:1      | Reached XP level 1. HP: 19/19 MP: 0/0
   166 | D:1      | Reached XP level 2. HP: 15/27 MP: 1/1
   478 | D:1      | Reached XP level 3. HP: 31/33 MP: 2/2
  1047 | D:2      | Noticed an orc warrior
  1056 | D:2      | Reached XP level 4. HP: 38/40 MP: 3/3
  1167 | D:2      | Killed an orc warrior
  1167 | D:2      | Reached skill level 5 in Armour
  1167 | D:2      | Reached XP level 5. HP: 34/47 MP: 4/4
  1806 | D:3      | Reached skill level 1 in Axes
  1806 | D:3      | Reached XP level 6. HP: 53/53 MP: 5/5
  2297 | D:4      | Reached skill level 2 in Axes
  2379 | D:4      | Reached skill level 5 in Shields
  2454 | D:4      | Reached skill level 5 in Fighting
  2536 | D:4      | Reached XP level 7. HP: 56/61 MP: 6/6
  2614 | D:4      | Reached skill level 3 in Axes
  2642 | D:4      | Found Fiwysas's Antique Armour Boutique.
  2842 | D:5      | Entered Level 5 of the Dungeon
  2864 | D:5      | Reached skill level 4 in Axes
  3148 | D:5      | Reached XP level 8. HP: 69/70 MP: 7/7
  3270 | D:5      | Reached skill level 5 in Axes
  3572 | D:6      | Found a deep blue altar of Sif Muna.
  3663 | D:6      | Found a staircase to the Ecumenical Temple.
  3687 | Temple   | Entered the Ecumenical Temple
  3876 | Temple   | Became a worshipper of Warmaster Okawaru
  3918 | D:6      | Reached skill level 6 in Axes
  3929 | D:6      | Reached skill level 1 in Invocations
  4462 | D:7      | Reached * piety under Okawaru
  4576 | D:7      | Reached XP level 9. HP: 78/78 MP: 9/9
  4614 | D:7      | Reached skill level 7 in Axes
  5085 | D:8      | Reached ** piety under Okawaru
  5578 | D:8      | Reached skill level 8 in Axes
  5920 | D:9      | Reached skill level 10 in Armour
  5996 | D:9      | Reached *** piety under Okawaru
  5996 | D:9      | Reached XP level 10. HP: 34/86 MP: 11/11
  6140 | D:9      | Found Fuyschudgh's Armour Shop.
  6210 | D:9      | Found a staircase to the Orcish Mines.
  6214 | D:9      | Noticed a two-headed ogre
  6237 | D:9      | Killed a two-headed ogre
  6237 | D:9      | Reached skill level 9 in Axes
  6872 | D:10     | Entered Level 10 of the Dungeon
  6894 | D:10     | Noticed Harold
  7014 | D:9      | Killed Harold
  7014 | D:9      | Reached **** piety under Okawaru
  7259 | D:10     | Reached skill level 10 in Axes
  7261 | D:10     | Noticed Grum
  7263 | D:10     | Received a gift from Okawaru
  7692 | D:10     | Reached ***** piety under Okawaru
  7692 | D:10     | Reached XP level 11. HP: 95/95 MP: 13/13
  7791 | D:10     | Noticed a two-headed ogre
  7800 | D:10     | Killed a two-headed ogre
  7800 | D:10     | Reached skill level 5 in Invocations
  7866 | D:10     | Noticed Josephine
  7887 | D:10     | Killed Josephine
  7895 | D:10     | Reached skill level 11 in Axes
  7971 | D:10     | Killed Grum
  8261 | D:10     | Noticed Urug
  8301 | D:10     | Killed Urug
  8301 | D:10     | Received a gift from Okawaru
  8308 | D:10     | Identified a +1 pair of boots of running (Okawaru gifted it
                  | to you on level 10 of the Dungeon)
  8426 | Orc:1    | Entered Level 1 of the Orcish Mines
  8450 | Orc:2    | Entered Level 2 of the Orcish Mines
  8489 | Orc:1    | Noticed an orc warlord
  8690 | D:11     | Noticed Gastronok
  8713 | D:11     | Killed Gastronok
  9000 | D:11     | Noticed a five-headed hydra
  9025 | D:11     | Killed a five-headed hydra
  9025 | D:11     | Reached skill level 12 in Axes
  9025 | D:11     | Reached skill level 10 in Shields
  9025 | D:11     | Reached XP level 12. HP: 83/106 MP: 13/15
  9060 | D:11     | Found a staircase to the Lair.
  9385 | Lair:1   | Entered Level 1 of the Lair of Beasts
  9385 | Lair:1   | Noticed Erica
  9452 | Lair:1   | Killed Erica
  9452 | Lair:1   | Received a gift from Okawaru
  9452 | Lair:1   | Reached skill level 10 in Fighting
  9563 | Lair:1   | Got a bound diamond amulet
  9564 | Lair:1   | Identified the amulet of Vikhogat {Harm *Drain rPois rN+}
                  | (You found it on level 1 of the Lair of Beasts)
  9633 | Lair:1   | You fall through a shaft!
  9696 | Lair:1   | Found an opulent altar of Gozag.
  9706 | Lair:1   | Noticed Nergalle
  9733 | Lair:1   | Killed Nergalle
  9790 | Lair:1   | Received a gift from Okawaru
 10502 | Lair:3   | Reached skill level 13 in Axes
 10502 | Lair:3   | Noticed a four-headed hydra
 10516 | Lair:3   | Killed a one-headed hydra
 10574 | Lair:3   | Found a glowing golden altar of the Shining One.
 10621 | Lair:3   | Found a staircase to the Shoals.
 10654 | Lair:3   | Reached ****** piety under Okawaru
 10777 | Lair:3   | Found a transporter.
 10871 | Lair:3   | Found a transporter.
 10897 | Lair:3   | Found a staircase to the Snake Pit.
 10980 | Lair:3   | Reached XP level 13. HP: 86/114 MP: 17/17
 11081 | Lair:3   | Noticed Rupert
 11100 | Lair:3   | Killed Rupert
 11100 | Lair:3   | Received a gift from Okawaru
 11806 | Lair:4   | Reached skill level 14 in Axes
 11819 | Lair:4   | Found a dark tunnel.
 11828 | Volcano  | Entered a volcano
 11910 | Volcano  | Noticed a red draconian
 11931 | Volcano  | Killed a red draconian
 12098 | Volcano  | Reached skill level 15 in Armour
 12362 | Lair:4   | Received a gift from Okawaru
 13122 | Lair:5   | Reached skill level 15 in Axes
 13602 | Lair:5   | Reached XP level 14. HP: 108/122 MP: 19/19
 13606 | Lair:5   | Reached skill level 16 in Axes
 14020 | Lair:6   | Entered Level 6 of the Lair of Beasts
 14097 | Lair:6   | Received a gift from Okawaru
 14205 | Lair:6   | Found a staircase to the Slime Pits.
 14205 | Lair:6   | Found a gate leading to a gauntlet.
 14214 | Gauntlet | Entered a Gauntlet
 14214 | Gauntlet | Found a transporter.
 14214 | Gauntlet | Found a transporter.
 14442 | Gauntlet | Found a transporter.
 14442 | Gauntlet | Found a transporter.
 14452 | Gauntlet | Found a transporter.
 14453 | Gauntlet | Found a transporter.
 14458 | Gauntlet | Found a large runed translucent door.
 14459 | Gauntlet | Found a large runed translucent door.
 14461 | Gauntlet | Found a runed translucent gate.
 14462 | Gauntlet | Found a transporter.
 14462 | Gauntlet | Found a transporter.
 14462 | Gauntlet | Found a runed translucent gate.
 14463 | Gauntlet | Found a runed translucent gate.
 14464 | Gauntlet | Found a large runed translucent door.
 14464 | Gauntlet | Found a large runed translucent door.
 14465 | Gauntlet | Found a large runed translucent door.
 14466 | Gauntlet | Found a large runed translucent door.
 14484 | Gauntlet | Found a large runed translucent door.
 14484 | Gauntlet | Found a large runed translucent door.
 14485 | Gauntlet | Found a large runed translucent door.
 14485 | Gauntlet | Found a large runed translucent door.
 14485 | Gauntlet | Found a runed translucent door.
 14485 | Gauntlet | Found a runed translucent door.
 14486 | Gauntlet | Found a large runed translucent door.
 14487 | Gauntlet | Found a large runed translucent door.
 14489 | Gauntlet | Found a transporter.
 14505 | Gauntlet | Found a transporter.
 14532 | Gauntlet | Found a transporter.
 14564 | Gauntlet | Got a translucent golden ring
 14566 | Gauntlet | Identified the ring "Efinn" {-Tele rPois rC+ rN+ Str+3}
                  | (You found it in a Gauntlet)
 14570 | Gauntlet | Found a transporter.
 14738 | Gauntlet | Got a pitted copper ring
 14742 | Gauntlet | Got a smoking granite ring
 14745 | Gauntlet | Identified the ring "Udobatir" {+Fly rN+ MP+9 SInv} (You
                  | found it in a Gauntlet)
 14747 | Gauntlet | Identified the ring "Derucwa" {Fire +Blink Str+2} (You
                  | found it in a Gauntlet)
 14876 | Gauntlet | Found a transporter.
 14933 | Gauntlet | Identified the cursed +0 war axe "Eqoilas" {chop, rF+ rN++}
 14933 | Gauntlet | Identified the +5 ring mail of Vucybluh {Regen+ Dex+5}
 14933 | Gauntlet | Identified the ring "Zoxt" {Wiz Stlth+}
 15027 | Gauntlet | Identified a scroll of acquirement
 15378 | Lair:6   | Received a gift from Okawaru
 15702 | Lair:6   | Reached skill level 17 in Axes
 15811 | Lair:6   | HP: 4/122 [drowned by a drowned soul[a merfolk avatar]
                  | (12)]
 15811 | Lair:6   | Drowned by a drowned soul

Skill      XL: |  1  2  3  4  5  6  7  8  9 10 11 12 13 14 |
---------------+-------------------------------------------+-----
Armour         | 4 5 6 7 8 10 11 13 14 15 | 15.0
Long Blades    | 3 4 |  4.6
Shields        | 4 5 6 7 8 10 11 12 14 | 14.1
Fighting       | 4 5 6 7 8 9 10 | 10.3
Axes           | 1 2 4 6 8 10 12 13 15 17 | 17.1
Invocations    | 1 3 4 6 7 8 |  8.7

Action                   |  1- 3 |  4- 6 |  7- 9 | 10-12 | 13-15 || total
-------------------------+-------+-------+-------+-------+-------++-------
Melee: Long sword        |    80 |    24 |       |       |       ||   104
       Headbutt          |    11 |    14 |    49 |   148 |   167 ||   389
       War axe           |       |   114 |   315 |   574 |   318 ||  1321
       Trident           |       |       |       |    10 |       ||    10
       Scimitar          |       |       |       |     4 |    47 ||    51
       Broad axe         |       |       |       |       |   216 ||   216
Invok: Heroism           |       |       |       |     7 |     2 ||     9
       Finesse           |       |       |       |     5 |     2 ||     7
Evoke: Wand              |       |       |       |       |     1 ||     1
  Use: Potion            |       |     1 |       |       |     3 ||     4
       Scroll            |       |     6 |     1 |     5 |    12 ||    24
  Eat: Chunk             |     1 |     5 |    11 |    18 |     8 ||    43
       Ration            |       |       |       |     3 |     2 ||     5
Armor: Scale mail        |    24 |     4 |       |       |       ||    28
       Chain mail        |       |    71 |   203 |   229 |       ||   503
       Storm dragon scal |       |       |       |    16 |    83 ||    99
       Crystal plate arm |       |       |       |       |   283 ||   283
       Fire dragon scale |       |       |       |       |     4 ||     4
Dodge: Dodged            |    24 |    27 |    67 |   113 |   122 ||   353
Block: Shield            |    42 |    89 |   145 |   290 |   324 ||   890
       Rpst.: Long sword |     6 |       |       |       |       ||     6
       Scimitar          |       |       |       |       |     3 ||     3
